 Dungeon Sprint DCSS version 0.28-a0-883-gc8d7bad45d (webtiles) character file.

Game seed: 5094800544215700732

2748 mhtbhm the Basher (level 9, -4/63 HPs)
             Began as a Gargoyle Fighter on Nov 22, 2021.
             Was an Initiate of Gozag.
             Hit by a large rock thrown by a cyclops (19 damage)
             ... in the Dungeon (Sprint IX: "|||||||||||||||||||||||||||||").
             The game lasted 00:02:36 (1236 turns).

mhtbhm the Basher (Gargoyle Fighter)                Turns: 1236, Time: 00:02:37

Health: -4/63      AC: 22    Str: 25    XL:     9   Next: 68%
Magic:  9/9        EV: 11    Int: 10    God:    Gozag
Gold:   264        SH:  0    Dex: 12    Spells: 8/8 levels left

rFire   + . .      SeeInvis .   a - +2 dire flail "Afusux" {elec, rF+}
rCold   . . .      Faith    .   (shield currently unavailable)
rNeg    + . .      Spirit   .   b - +1 chain mail
rPois   ∞          Reflect  .   n - +0 helmet
rElec   +          Harm     .   o - +0 cloak
rCorr   .          Rampage  .   (no gloves)
Will    .....      NoTele   +   (no boots)
Stlth   ..........              (no amulet)
HPRegen 0.20/turn               p - +3 ring of dexterity
MPRegen 0.11/turn               q - +3 ring of strength

@: gold aura, on berserk cooldown, hasted, very quick
A: sickness immunity, AC +6, negative energy resistance 1, electricity
resistance, torment resistance 1, petrification resistance
a: Renounce Religion, Potion Petition, Call Merchant, Bribe Branch


You were in the Dungeon.
You worshipped Gozag.
Gozag was aware of your devotion.
You visited 1 branch You collected 504 gold pieces.
You paid 240 gold pieces to Gozag.

Inventory:

Hand Weapons
 a - the +2 dire flail "Afusux" (weapon) {elec, rF+}
   (You found it in the Dungeon)

   It occasionally discharges a powerful burst of electricity upon striking a
   foe.
   rF:        It protects you from fire.
Armour
 b - a +1 chain mail (worn)
 n - a +0 helmet (worn)
 o - a +0 cloak (worn)
Jewellery
 p - a +3 ring of dexterity (left hand)
 q - a +3 ring of strength (right hand)
Wands
 m - a wand of acid (3)
Scrolls
 j - 2 scrolls of blinking
 l - 2 scrolls of amnesia
Potions
 d - a potion of might
 h - 4 potions of magic
 k - a potion of invisibility


   Skills:
 + Level 10.8 Fighting
 + Level 13.3 Maces & Flails
 + Level 11.6 Armour
 + Level 5.8 Dodging
 + Level 2.9 Stealth
 + Level 8.9 Shields
 + Level 2.3 Evocations


You had 8 spell levels left.
You didn't know any spells.
Your spell library was empty.

Dungeon Overview and Level Annotations

Branches:
Dungeon (1/1)

Altars:
Cheibriados
Dithmenos
Elyvilon
Fedhas
Gozag
Hepliaklqana
Kikubaaqudgha
Makhleb
Nemelex Xobeh
Okawaru
Qazlal
Ru
Sif Muna
Trog
Uskayaw
Vehumet
Wu Jian
Xom
Yredelemnul
Zin
The Shining One
Beogh
Jiyva
Lugonu


Innate Abilities, Weirdness & Mutations

You are immune to sickness and miasma.
Your stone body is resilient. (AC +6)
You are immune to poison.
You resist negative energy. (rN+)
You are resistant to electric shocks. (rElec)
You are resistant to unholy torment.
You are immune to petrification.


Message History

Press: ? - help, Shift-Dir - straight line, f/p - tengu warrior
Aim: a tengu warrior, wielding a +0 war axe, wearing a +0 ring mail and wearing a +2 kite shield of protection (severely wounded, 53% to hit)
The bolt of acid hits the tengu warrior!
The tengu warrior is almost dead.
The bolt of acid hits the gargoyle!
The acid corrodes the gargoyle!
The gargoyle is severely damaged.
The bolt of acid hits the cyclops!
The cyclops is heavily wounded.
You feel yourself speed up.
The tengu warrior hits you with a +0 war axe.
* * * LOW HITPOINT WARNING * * *
The tengu warrior pecks you.
* * * LOW HITPOINT WARNING * * *
The tengu warrior claws you but does no damage.
Unknown command.
Unknown command.
Aiming: Corrosive Bolt
Press: ? - help, Shift-Dir - straight line, f/p - tengu warrior
Aim: a tengu warrior, wielding a +0 war axe, wearing a +0 ring mail and wearing a +2 kite shield of protection (almost dead, 53% to hit)
The bolt of acid hits the tengu warrior!
The acid corrodes the tengu warrior!
You kill the tengu warrior!
The bolt of acid misses the gargoyle.
The bolt of acid hits the cyclops!
The cyclops seems to be corroded for longer.
The cyclops is severely wounded.
The gargoyle hurls a stone arrow at you.
The stone arrow misses you.
Your Maces & Flails skill increases to level 13!
Your Armour skill increases to level 11!
Your Evocations skill increases to level 2!
Unknown command.
You feel better.
The gargoyle hurls a stone arrow at you.
The stone arrow misses you.
Items here: $ )) [[[.
You puncture the gargoyle!
You destroy the gargoyle!
The cyclops throws a large rock.
The large rock hits you!!
You die...
Your body crumbles into a pile of gold. ▓▓▓▓▓▓▓▓▓▓▓▓▓▓▓▓▓▓▓▓▓▓▓▓▓▓▓▓▓▓ +....$$$...C$@)...[..)..'_____ ▓▓▓▓▓▓▓▓▓▓▓▓▓▓▓▓▓▓▓▓▓▓▓▓▓▓▓▓▓▓ $ $ $ $$$$$ $ $ $ $$$$$ $$$$

You could see a cyclops (corroded).

Vanquished Creatures
  2 two-headed ogres (D)
  A tengu warrior (D)
  2 gargoyles (D)
  A shadow (D)
  A yak (D)
  A steam dragon (D)
  An acid dragon (D)
  A scorpion (D)
  A killer bee (D)
  A wight (D)
  A hound (D)
  2 adders (D)
  An adder skeleton (D)
  A dart slug (D)
  An endoplasm (D)
  A ball python (D)
  A frilled lizard (D)
  A goblin (D)
21 creatures vanquished.

Notes
Turn   | Place    | Note
-------+----------+-------------------------------------------
     0 | D        | mhtbhm the Gargoyle Fighter began the quest for the Orb.
     0 | D        | Reached XP level 1. HP: 14/14 MP: 1/1
   292 | D        | Noticed a scorpion
   292 | D        | Noticed a hound
   306 | D        | Reached XP level 2. HP: 13/20 MP: 2/2
   312 | D        | Reached skill level 5 in Fighting
   312 | D        | Reached skill level 3 in Maces & Flails
   312 | D        | Reached skill level 5 in Shields
   312 | D        | Reached XP level 3. HP: 18/26 MP: 3/3
   320 | D        | Reached skill level 1 in Dodging
   327 | D        | Killed a scorpion
   328 | D        | Reached skill level 4 in Maces & Flails
   328 | D        | Reached skill level 5 in Armour
   328 | D        | Reached XP level 4. HP: 9/32 MP: 4/4
   331 | D        | Reached XP level 5. HP: 11/36 MP: 5/5
   427 | D        | Found a snail-covered altar of Cheibriados.
   427 | D        | Found a shadowy altar of Dithmenos.
   427 | D        | Found a white marble altar of Elyvilon.
   427 | D        | Found a blossoming altar of Fedhas.
   427 | D        | Found an opulent altar of Gozag.
   428 | D        | Found a hazy altar of Hepliaklqana.
   429 | D        | Found a viscous altar of Jiyva.
   430 | D        | Found an ancient bone altar of Kikubaaqudgha.
   431 | D        | Found a corrupted altar of Lugonu.
   432 | D        | Found a burning altar of Makhleb.
   433 | D        | Found a sparkling altar of Nemelex Xobeh.
   434 | D        | Found an iron altar of Okawaru.
   435 | D        | Found a stormy altar of Qazlal.
   436 | D        | Found a sacrificial altar of Ru.
   437 | D        | Found a shimmering blue altar of Sif Muna.
   438 | D        | Found a bloodstained altar of Trog.
   439 | D        | Found a hide-covered altar of Uskayaw.
   440 | D        | Found a radiant altar of Vehumet.
   441 | D        | Found an ornate altar of the Wu Jian Council.
   442 | D        | Found a shimmering altar of Xom.
   461 | D        | Became a worshipper of Gozag Ym Sagoz the Greedy
   470 | D        | Found a basalt altar of Yredelemnul.
   471 | D        | Found a glowing silver altar of Zin.
   472 | D        | Found a glowing golden altar of the Shining One.
   603 | D        | Got the +2 dire flail "Afusux" {elec, rF+}
   611 | D        | Noticed a two-headed ogre
   611 | D        | Noticed a shadow
   611 | D        | Noticed a steam dragon
   611 | D        | Noticed a yak
   618 | D        | Killed a yak
   619 | D        | Reached skill level 7 in Maces & Flails
   619 | D        | Reached XP level 6. HP: 27/44 MP: 6/6
   935 | D        | Killed a steam dragon
   936 | D        | Reached skill level 8 in Maces & Flails
   939 | D        | Reached XP level 7. HP: 36/49 MP: 7/7
   943 | D        | Killed a shadow
   944 | D        | Reached skill level 9 in Maces & Flails
   944 | D        | Reached skill level 1 in Stealth
   951 | D        | Killed a two-headed ogre
   952 | D        | Reached skill level 10 in Maces & Flails
   952 | D        | Reached XP level 8. HP: 15/56 MP: 8/8
  1177 | D        | Noticed a cyclops
  1177 | D        | Noticed a gargoyle
  1177 | D        | Noticed a tengu warrior
  1177 | D        | Noticed a two-headed ogre
  1177 | D        | Noticed a gargoyle
  1181 | D        | Killed a gargoyle
  1182 | D        | Reached skill level 11 in Maces & Flails
  1182 | D        | Reached skill level 5 in Dodging
  1182 | D        | Reached skill level 1 in Evocations
  1187 | D        | Killed a two-headed ogre
  1188 | D        | Reached skill level 10 in Fighting
  1188 | D        | Reached skill level 12 in Maces & Flails
  1188 | D        | Reached skill level 10 in Armour
  1188 | D        | Reached XP level 9. HP: 50/62 MP: 9/9
  1233 | D        | Killed a tengu warrior
  1234 | D        | Reached skill level 13 in Maces & Flails
  1236 | D        | Killed a gargoyle
  1236 | D        | Hit by a large rock thrown by a cyclops

Illustrated notes

Levels and vault maps discovered:
D:        linesprint [early_d, line_temple, items_1, d_10, items_2, lair_1,
          lair_end, items_3, orc_1, orc_end, items_4, d_15, swamp_1, shoals_1,
          snake_1, spider_1, d_20, vaults_1, items_5, swamp_end, shoals_end,
          snake_end, spider_end, vaults_end, d_27, items_6, zot_1, zot_end,
          crypt_end, forest_end, elf_end, slime_end, tomb_end, abyss_end,
          pan_hell_end]

Skill      XL: |  1  2  3  4  5  6  7  8  9 |
---------------+----------------------------+-----
Shields        | 4 5 6 7 8 |  8.9
Fighting       | 4 5 6 7 8 9 10 | 10.8
Armour         | 4 5 7 9 10 11 | 11.6
Maces & Flails | 3 4 7 8 10 12 13 | 13.3
Dodging        | 1 2 3 4 5 |  5.8
Stealth        | 1 2 |  2.9
Evocations     | 1 2 |  2.3

Action                   |  1- 3 |  4- 6 |  7- 9 || total
-------------------------+-------+-------+-------++-------
Melee: Flail             |    60 |     3 |       ||    63
       Dire flail        |       |    11 |    42 ||    53
Invok: Potion Petition   |       |       |     1 ||     1
Evoke: Wand              |       |     1 |     6 ||     7
  Use: Potion            |       |     1 |     9 ||    10
Armor: Scale mail        |    27 |     2 |       ||    29
       Chain mail        |       |     3 |    56 ||    59
Dodge: Dodged            |    32 |     2 |    31 ||    65
Block: Buckler           |    14 |       |       ||    14

Table legend: (Time is in decaauts)
 A = Elapsed time spent in this place.
 B = Non-inter-level travel time spent in this place.
 C = Inter-level travel time spent in this place.
 D = Time resting spent in this place.
 E = Time spent auto-exploring this place.
 F = Levels seen in this place.
 G = Mean time per level.
                   A        B        C        D        E       F      G
               +--------+--------+--------+--------+--------+-----+--------+
         Total |   1240 |   1240 |      0 |    929 |      3 |   1 | 1240.0 |
       Dungeon |   1240 |   1240 |      0 |    929 |      3 |   1 | 1240.0 |
               +--------+--------+--------+--------+--------+-----+--------+

Top non-repeatable levels by time:
       D: 1240 daAuts
